 Dungeon Crawl Stone Soup version 0.30-a0-29-g142975f185 (webtiles) character file.

Game seed: 16330994648470618870

27911 Ordine the Destroyer (level 13, -6/73 HPs)
             Began as a Deep Elf Conjurer on Aug 26, 2022.
             Was a High Priest of Sif Muna.
             Mangled by a komodo dragon (39 damage)
             ... on level 3 of the Lair of Beasts.
             The game lasted 01:01:43 (18634 turns).

Ordine the Destroyer (Deep Elf Conjurer)           Turns: 18634, Time: 01:01:44

Health: -6/73      AC: 10    Str:  6    XL:     13   Next: 6%
Magic:  29/29      EV: 15    Int: 38    God:    Sif Muna [*****.]
Gold:   459        SH:  0    Dex: 13    Spells: 17/33 levels left

rFire   + . .      SeeInvis .    b - +9 rapier "Xegritij" {chaos, rElec rCorr}
rCold   . . .      Faith    .    (no shield)
rNeg    . . .      Spirit   .    p - +0 steam dragon scales
rPois   +          Reflect  .    Y - +1 helmet {Int+3}
rElec   +          Harm     .    U - scarf {repulsion}
rCorr   +          Rampage  .    m - +0 pair of gloves
Will    +....                    H - +0 pair of boots
Stlth   ++........               I - amulet of magic regeneration
HPRegen 0.22/turn                t - ring "Pixzik" {rPois rF+ Int+2}
MPRegen 0.61/turn                F - +6 ring of intelligence

@: confused, ambrosia-drunk, repel missiles
A: no striking features
a: Renounce Religion, Channel Magic, Forget Spell, Divine Exegesis


You were on level 3 of the Lair of Beasts.
You worshipped Sif Muna.
Sif Muna was extremely pleased with you.
You visited 2 branches of the dungeon, and saw 14 of its levels.
You also visited: Ossuary.

You collected 1162 gold pieces.
You spent 703 gold pieces at shops.

Inventory:

Hand Weapons
 b - the +9 rapier "Xegritij" (weapon) {chaos, rElec rCorr}
   (You found it on level 8 of the Dungeon)

   Each time it hits an enemy it has a different, random effect.
   rElec:     It insulates you from electricity.
   rCorr:     It protects you from acid and corrosion.
Armour
 m - a +0 pair of gloves (worn)
 p - +0 steam dragon scales (worn)
 x - an orb of energy
 y - quicksilver dragon scales
 H - a +0 pair of boots (worn)
 U - a scarf of repulsion (worn)
 X - a +0 cloak of preservation
 Y - a +1 helmet of intelligence (worn)
Magical Staves
 a - a staff of conjuration
Jewellery
 c - a ring of resist corrosion
 t - the ring "Pixzik" (left hand) {rPois rF+ Int+2}
   (You acquired it on level 8 of the Dungeon)

   [ring of protection from fire]

   Int:       It affects your intelligence (+2).
   rF:        It protects you from fire.
   rPois:     It protects you from poison.
 w - an amulet of reflection
 F - a +6 ring of intelligence (right hand)
 I - an amulet of magic regeneration (around neck)
 Q - the ring "Cuinoav" {+Blink Fly EV+4 Int-3 Dex+4}
   (You found it on level 8 of the Dungeon)

   [ring of evasion]

   EV:        It affects your evasion (+4).
   Int:       It affects your intelligence (-3).
   Dex:       It affects your dexterity (+4).
   Fly:       It grants you flight.
   +Blink:    It lets you blink.
Wands
 C - a wand of roots (24)
 G - a wand of charming (26)
 O - a wand of quicksilver (23)
 P - a wand of mindburst (21)
 S - a wand of digging (4)
 V - a wand of flame (11)
Scrolls
 f - 3 scrolls of poison
 h - 2 scrolls of amnesia
 k - 4 scrolls of torment
 n - 4 scrolls of immolation
 o - a scroll of enchant weapon {unknown}
 q - 3 scrolls of fear
 r - 9 scrolls of teleportation
 D - 4 scrolls of fog
 E - 2 scrolls of enchant armour
 J - a scroll of summoning
 K - 2 scrolls of vulnerability
 M - 2 scrolls of silence {unknown}
 W - a scroll of magic mapping {unknown}
Potions
 d - 7 potions of mutation
 e - 15 potions of curing
 g - 3 potions of might
 i - 5 potions of brilliance
 l - 7 potions of flight
 u - 5 potions of attraction
 v - a potion of resistance {unknown}
 z - 6 potions of cancellation
 A - 2 potions of lignification
 B - 4 potions of haste
 L - 2 potions of invisibility {unknown}
 N - 5 potions of berserk rage


   Skills:
 + Level 5.5 Fighting
 + Level 4.4 Short Blades
 + Level 5.4 Armour
 + Level 8.5 Dodging
 + Level 9.3 Stealth
 + Level 10.6 Spellcasting
 + Level 11.2 Conjurations
 - Level 5.0 Translocations
 + Level 7.0 Air Magic
 + Level 6.6 Invocations
 + Level 7.0 Evocations


You had 17 spell levels left.
You knew the following spells:

 Your Spells              Type           Power      Damage    Failure   Level
a - Magic Dart            Conj           100%       1d8       1%          1
b - Searing Ray           Conj           100%       2d8       1%          2
c - Iskenderun's Mystic   Conj/Tloc      70%        2d14      1%          4
d - Lightning Bolt        Conj/Air       37%        1d55      1%          5
e - Airstrike             Air            32%        2d(5-21)  1%          4

Your spell library contained the following spells:

 Spells                   Type           Power      Damage    Failure   Level
 Beastly Appendage        Tmut           40%        N/A       1%          1
 Sandblast                Erth           40%        2d10      1%          1
 Shock                    Conj/Air       100%       1d9       1%          1
 Poisonous Vapours        Pois/Air       92%        N/A       1%          2
 Conjure Flame            Conj/Fire      58%        6-21      1%          3
 Dazzling Flash           Conj/Hex       100%       N/A       1%          3
 Stone Arrow              Conj/Erth      100%       3d13      1%          3
 Fulminant Prism          Conj/Hex       29%        3d14      1%          4
 Sticky Flame             Conj/Fire      58%        2d7       1%          4
 Passage of Golubria      Tloc           55%        N/A       2%          4
 Ensorcelled Hibernation  Hex/Ice        40%        N/A       3%          2
 Passwall                 Tmut/Erth      16%        N/A       3%          2
 Wereblood                Tmut           20%        N/A       3%          2
 Summon Lightning Spire   Summ/Air       46%        N/A       4%          4
 Ignite Poison            Fire/Tmut/Pois 20%        N/A       6%          3
 Spider Form              Tmut/Pois      20%        N/A       6%          3
 Tukima's Dance           Hex            20%        N/A       6%          3
 Anguish                  Hex/Necr       10%        N/A       19%         4
 Summon Forest            Summ/Tloc      19%        N/A       19%         5
 Starburst                Conj/Fire      29%        6d9       28%         6
 Metabolic Englaciation   Hex/Ice        10%        N/A       47%         5
 Summon Mana Viper        Hex/Summ       20%        N/A       47%         5
 Yara's Violent Unravell  Hex/Tmut       10%        3d6       47%         5
 Summon Cactus Giant      Summ           10%        N/A       96%         6
 Storm Form               Tmut/Air       23%        N/A       98%         7
 Enfeeble                 Hex            10%        N/A       100%        7
 Maxwell's Capacitive Co  Air            32%        ∞         100%        8


Dungeon Overview and Level Annotations

Branches:
Dungeon (11/15)            Temple (0/1) D:6            Lair (2/5) D:11
 Shoals (0/4) Lair:2          Orc (0/2) D:11        Ossuary (visited)
  Snake: Lair:2-3    Spider: Lair:2-3

Altars:
Ashenzari
Cheibriados
Dithmenos
Fedhas
Makhleb
Nemelex Xobeh
Sif Muna
Trog
Wu Jian
Xom
Zin
The Shining One

Shops:
D:6 (!   D:9 [   D:10 (

Portals:
Ice
Cave: Lair:3


Message History

Casting: Airstrike (dangerous; 1% risk of failure)
Confirm with . or Enter, or press ? or * to list all spells.
Aiming: Airstrike (dangerous; 1% risk of failure)
Press: ? - help, Dir - move target, f/p - blink frog
Aim: a blink frog (lightly wounded, empty space bonus: 2/8)
The air twists around and strikes the blink frog!
The blink frog is moderately wounded.
You hit the blink frog.
The blink frog is heavily wounded.
The blink frog hits you but does no damage.
A blink frog comes into view.
The blink frog hits you.
* * * LOW HITPOINT WARNING * * *
You miss the blink frog.
The blink frog is heavily wounded.
A blink frog comes into view.
The blink frog hits you but does no damage.
You are confused.
You feel invigorated. The blink frog completely misses you.
The blink frog blinks!
The blink frog croaks.
The blink frog gives a loud, deep croak!
You hear an angry hiss.
The komodo dragon bites you but does no damage.
You see here a yak corpse.
You bump into the rock wall.
The komodo dragon bites you.
* * * LOW HITPOINT WARNING * * *
The blink frog blinks!
A water moccasin comes into view.
The komodo dragon attacks as you move away!
The komodo dragon misses you.
The blink frog blinks! x3
You see here a yak corpse.
You puncture the komodo dragon!
The komodo dragon is lightly wounded.
The komodo dragon bites you.
The blink frog blinks!
You hit the komodo dragon.
The komodo dragon goes berserk!
The komodo dragon is moderately wounded.
The komodo dragon bites you!!!
Ouch! That really hurt!
You die...

##....P....
..........
#.........
#.Y.......
##.YF..##.
#5.........
#..........
#########)S........
#.†.†@l†F...####...
##########F.# ..
#....# . PF.P##
...## ..F# ...


You could see a komodo dragon (berserk), 2 blink frogs and a water moccasin.

Vanquished Creatures
  The ghost of KleinerIrrer the Black Belt, a journeyman OpMo of Gozag (D:11)
  2 hydras
  3 boulder beetles
  A two-headed ogre (D:7)
  Amaemon (Lair:1)
  A wizard (D:11)
  2 orc knights
  3 cyclopes
  3 manticores
  Maurice (D:9)
  4 cane toads
  An orange demon (Lair:1)
  A gargoyle (D:11)
  2 unseen horrors (D:11)
  A komodo dragon (Lair:3)
  A freezing wraith (D:11)
  A yaktaur (D:11)
  7 trolls
  A hornet (D:8)
  A slime creature (D:8)
  A wind drake (Lair:2)
  7 blink frogs
  A vampire (D:11)
  3 wyverns
  3 shadows
  4 wraiths
  21 yaks
  2 basilisks (Lair:1)
  6 vampire mosquitoes
  2 steam dragons (D:8)
  Edmund (D:4)
  5 water moccasins
  6 orc warriors
  2 ice beasts (D:8)
  3 black bears
  5 centaurs
  9 wolves
  2 phantoms
  An elf zombie (Ossuary)
  4 kobold brigands
  6 bullfrogs
  4 scorpions
  A gnoll sergeant (D:7)
  14 wights
  12 killer bees
  6 howler monkeys
  3 electric eels (D:11)
  4 crimson imps (D:10)
  5 hounds
  A human zombie (Ossuary)
  3 jellies
  5 orc priests
  A gnoll bouda (D:7)
  Ijyb (D:4)
  5 iguanas
  8 orc wizards
  A hound zombie (Ossuary)
  4 mummies (Ossuary)
  14 gnolls
  4 adders
  2 shadow imps
  16 white imps
  An adder zombie (Ossuary)
  A worm (D:2)
  A dart slug (D:1)
  34 orcs
  7 endoplasms
  2 giant cockroaches
  14 goblins
  8 hobgoblins
  6 jackals
  4 quokkas
  7 ball pythons
  7 bats
  2 frilled lizards
  2 goblin zombies (Ossuary)
  2 hobgoblin zombies (Ossuary)
  A jackal zombie (Ossuary)
  19 kobolds
  2 kobold zombies (Ossuary)
  An orc zombie (Ossuary)
  9 rats
376 creatures vanquished.

Vanquished Creatures (others)
  5 fungi
  8 plants
13 creatures vanquished.

Grand Total: 389 creatures vanquished

Notes
Turn   | Place    | Note
-------+----------+-------------------------------------------
     0 | D:1      | Ordine the Deep Elf Conjurer began the quest for the Orb.
     0 | D:1      | Reached XP level 1. HP: 10/10 MP: 6/6
   138 | D:1      | Found a faded altar of an unknown god.
   217 | D:1      | Reached XP level 2. HP: 15/15 MP: 6/8
   262 | D:1      | Learned a level 2 spell: Searing Ray
  1300 | D:2      | Reached XP level 3. HP: 19/19 MP: 8/10
  1577 | D:2      | Found a bloodstained altar of Trog.
  1585 | D:2      | Reached skill level 5 in Conjurations
  1820 | D:2      | Reached XP level 4. HP: 24/24 MP: 7/12
  1825 | D:2      | Learned a level 4 spell: Iskenderun's Mystic Blast
  1926 | D:2      | Identified the +5 short sword of Disorder {chaos, *Noise
                  | rC+ Str+10}
  3223 | D:4      | Found a sand-covered staircase.
  3228 | Ossuary  | Entered an ossuary
  3282 | Ossuary  | Reached skill level 1 in Translocations
  3282 | Ossuary  | Reached XP level 5. HP: 14/28 MP: 2/13
  3296 | Ossuary  | Reached skill level 1 in Fighting
  3462 | Ossuary  | Reached XP level 6. HP: 34/34 MP: 7/15
  3592 | D:4      | Reached skill level 1 in Armour
  3870 | D:4      | Found a shadowy altar of Dithmenos.
  3969 | D:4      | Noticed Edmund
  3977 | D:4      | Killed Edmund
  3978 | D:4      | Reached skill level 5 in Spellcasting
  3978 | D:4      | Reached skill level 6 in Conjurations
  3978 | D:4      | Reached skill level 1 in Evocations
  4468 | D:4      | Reached XP level 7. HP: 38/38 MP: 13/16
  4486 | D:4      | Noticed Ijyb
  4500 | D:4      | Killed Ijyb
  4719 | D:5      | Entered Level 5 of the Dungeon
  5096 | D:5      | Found a snail-covered altar of Cheibriados.
  5352 | D:5      | Found a shimmering blue altar of Sif Muna.
  5367 | D:5      | Became a worshipper of Sif Muna the Loreminder
  5875 | D:5      | Reached XP level 8. HP: 44/44 MP: 12/18
  5996 | D:6      | Found a broken altar of Ashenzari.
  6000 | D:6      | Reached skill level 1 in Invocations
  6036 | D:6      | Found Cyfoen's Distillery.
  6044 | D:6      | Bought a potion of curing for 30 gold pieces
  6044 | D:6      | Bought a potion of haste for 100 gold pieces
  6044 | D:6      | Bought a potion of mutation for 80 gold pieces
  6044 | D:6      | Bought a potion of lignification for 30 gold pieces
  6044 | D:6      | Bought 2 potions of flight for 60 gold pieces
  6044 | D:6      | Bought a potion of heal wounds for 50 gold pieces
  6044 | D:6      | Bought a potion of curing for 30 gold pieces
  6150 | D:6      | Found Uteript's Antique Weapon Emporium.
  6547 | D:6      | Found a staircase to the Ecumenical Temple.
  6615 | D:6      | Reached * piety under Sif Muna
  6662 | D:6      | Reached skill level 5 in Stealth
  6662 | D:6      | Reached skill level 7 in Conjurations
  7076 | D:7      | Reached skill level 5 in Dodging
  7539 | D:7      | Reached XP level 9. HP: 49/49 MP: 11/20
  7895 | D:7      | Found a glowing golden altar of the Shining One.
  8383 | D:8      | Reached skill level 8 in Conjurations
  8640 | D:8      | Noticed a cyclops
  8738 | D:8      | Noticed a boulder beetle
  8749 | D:8      | Learned a level 5 spell: Lightning Bolt
  8754 | D:8      | Learned a level 4 spell: Airstrike
  8788 | D:8      | Reached ** piety under Sif Muna
  8792 | D:8      | Noticed a troll
  8795 | D:8      | Reached skill level 1 in Air Magic
  8796 | D:8      | Noticed a manticore
  8808 | D:8      | Killed a troll
  9033 | D:8      | Found a glowing silver altar of Zin.
  9261 | D:8      | Reached skill level 9 in Conjurations
  9261 | D:8      | Reached XP level 10. HP: 56/56 MP: 16/23
  9387 | D:8      | Reached skill level 5 in Translocations
  9388 | D:8      | Noticed a two-headed ogre
  9480 | D:7      | Killed a two-headed ogre
  9877 | D:8      | Identified the ring "Cuinoav" {+Blink Fly EV+4 Int-3 Dex+4}
  9882 | D:8      | Identified the +9 rapier "Xegritij" {chaos, rElec rCorr}
 10163 | D:8      | Found a sparkling altar of Nemelex Xobeh.
 10174 | D:8      | Killed a cyclops
 10249 | D:8      | Found a blossoming altar of Fedhas.
 10363 | D:8      | Reached skill level 10 in Conjurations
 10552 | D:8      | Killed a manticore
 10553 | D:8      | Reached skill level 5 in Air Magic
 10819 | D:8      | Killed a boulder beetle
 11327 | D:8      | Found a burning altar of Makhleb.
 11431 | D:8      | Identified a scroll of acquirement
 11438 | D:8      | Acquired the ring "Pixzik" {rPois rF+ Int+2}
 11493 | D:9      | Reached XP level 11. HP: 60/60 MP: 18/25
 11634 | D:9      | Reached *** piety under Sif Muna
 11809 | D:9      | Noticed Maurice
 11820 | D:9      | Killed Maurice
 12002 | D:9      | Found Eluxunul's Antique Armour Boutique.
 12010 | D:9      | Bought a glowing helmet for 202 gold pieces
 12020 | D:9      | Bought a pair of gloves for 121 gold pieces
 12203 | D:9      | Reached skill level 1 in Short Blades
 12254 | D:9      | Found a runed translucent door.
 12321 | D:9      | Found an ornate altar of the Wu Jian Council.
 12670 | D:9      | Noticed an orc knight
 12678 | D:9      | Killed an orc knight
 12851 | D:9      | Reached skill level 5 in Evocations
 12954 | D:10     | Entered Level 10 of the Dungeon
 12999 | D:10     | Found Ecviydgh's Antique Weapon Shop.
 13085 | D:10     | Found a shimmering altar of Xom.
 13381 | D:10     | Found a bloodstained altar of Trog.
 13939 | D:11     | Reached **** piety under Sif Muna
 13957 | D:11     | Identified the +9 long sword of Due Proportion {protect,
                  | Int+4}
 14150 | D:10     | Reached skill level 5 in Invocations
 14896 | D:11     | Found a staircase to the Lair.
 15169 | D:11     | Noticed a wizard
 15487 | D:11     | Reached XP level 12. HP: 67/67 MP: 21/27
 15535 | D:11     | Found a staircase to the Orcish Mines.
 15685 | D:11     | Noticed a boulder beetle
 15693 | D:11     | Killed a boulder beetle
 15965 | D:11     | Noticed a boulder beetle
 15973 | D:11     | Killed a boulder beetle
 16038 | D:11     | Reached ***** piety under Sif Muna
 16297 | D:11     | Found a runed translucent gate.
 16298 | D:11     | Found a runed translucent gate.
 16299 | D:11     | Found a runed translucent gate.
 16300 | D:11     | Noticed KleinerIrrer's ghost (journeyman OpMo)
 16310 | D:11     | Noticed a six-headed hydra
 16314 | D:11     | Killed a six-headed hydra
 16315 | D:11     | Reached skill level 5 in Fighting
 16434 | D:11     | Reached skill level 10 in Spellcasting
 16442 | D:11     | Killed KleinerIrrer's ghost
 16704 | Lair:1   | Entered Level 1 of the Lair of Beasts
 16712 | Lair:1   | Noticed Amaemon
 16725 | Lair:1   | Killed Amaemon
 16726 | Lair:1   | Reached skill level 5 in Armour
 16726 | Lair:1   | Reached skill level 11 in Conjurations
 17066 | Lair:1   | Received a gift from Sif Muna
 17298 | Lair:1   | Got Sif Muna's Encyclopedia of Vapourous Charms {god gift}
 18118 | Lair:2   | Noticed a five-headed hydra
 18240 | Lair:2   | Found a staircase to the Shoals.
 18475 | Lair:2   | Killed a five-headed hydra
 18554 | Lair:2   | You fall into a shaft and drop 1 floor!
 18554 | Lair:3   | Found a frozen archway.
 18590 | Lair:3   | Reached XP level 13. HP: 44/73 MP: 6/29
 18634 | Lair:3   | Mangled by a komodo dragon

Illustrated notes

Levels and vault maps discovered:
D:1:      dpeg_arrival_chambers_temple_mockup, layout_basic,
          hellmonk_ecumenical_altar_crossroads, nrook_campfire,
          bh_walls_and_bars
D:2:      layout_loops_cross, basic_altar, wad_floor_pattern_untrapped
D:3:      layout_basic
D:4:      kennysheep_goblin_castle, layout_rooms, mainiacjoe_overflow_boulevard,
          nicolae_ossuary_entry_plus, eino_curves_03, uniq_edmund
D:5:      wad_river_or_something, layout_loops_ring, mainiacjoe_overflow_paths,
          mainiacjoe_overflow_alcove_4
D:6:      layout_cave_pools, cheibrodos_ashenzari_chains, temple_statues,
          serial_shops, nicolae_diamond_shop, nicolae_stop_n_shop_2
D:7:      layout_cave_pools, amcnicky_altar_gilded
D:8:      minmay_the_grid_octo_tiled_octocenter [minmay_the_grid_octo_odd_swirl,
          minmay_the_grid_octo_tetromino_candy, minmay_the_grid_octo_toaster,
          minmay_the_grid_octo_fat_diamond,
          minmay_the_grid_octo_prize_ultimate_mussel_roller,
          minmay_the_grid_square_5x5_three_walls,
          minmay_the_grid_square_5x5_mess, minmay_the_grid_square_5x5_checkered,
          minmay_the_grid_square_5x5_seven], layout_loops_ring,
          nemelex_xobeh_ov_fountains_minmay, fedhas_bush_and_centaur_altar,
          nicolae_overflow_crystal_walls, zin_academy
D:9:      layout_basic, kennysheep_mini_moat, serial_shops,
          nicolae_shop_advertising_works [nicolae_subvault_shop_adworks],
          lightli_church_of_beogh, uniq_maurice
D:10:     layout_roguey, led_xom_imps, mainiacjoe_overflow_alcove_1,
          serial_shops, shop
D:11:     layout_basic, erik_lair_island, david_orc_4, gammafunk_ghost_spectres,
          nzn_random_ring
Lair:1:   layout_hall_layers, grunt_megastairs_5, lemuel_fruit_fields,
          uniq_amaemon
Lair:2:   layout_regular_city, minmay_shoals_entry_beasts,
          guppyfry_snake_entry_garden, grunt_megastairs_1
Lair:3:   layout_chaotic_city, portal_ice_cave_entry_imps,
          grunt_forest_stairs_clearing

Skill      XL: |  1  2  3  4  5  6  7  8  9 10 11 12 13 |
---------------+----------------------------------------+-----
Stealth        | 3 4 5 6 8 9 |  9.3
Dodging        | 3 4 5 6 7 8 |  8.5
Spellcasting   | 4 5 6 7 8 9 10 | 10.6
Conjurations   | 5 6 7 9 10 11 | 11.2
Translocations | 1 2 3 4 5 |  5.0
Fighting       | 1 2 3 4 5 |  5.5
Armour         | 1 2 3 4 5 |  5.4
Evocations     | 1 2 3 4 5 7 |  7.0
Invocations    | 2 3 4 5 6 |  6.6
Air Magic      | 3 5 6 7 |  7.0
Short Blades   | 2 4 |  4.4

Action                   |  1- 3 |  4- 6 |  7- 9 | 10-12 | 13-15 || total
-------------------------+-------+-------+-------+-------+-------++-------
Melee: Dagger            |     5 |    12 |    22 |       |       ||    39
       Short sword       |       |    40 |     2 |       |       ||    42
       Punch             |       |     1 |     1 |     3 |       ||     5
       Staff             |       |       |       |    16 |       ||    16
       Rapier            |       |       |       |   122 |    12 ||   134
 Cast: Magic Dart        |    77 |    63 |   152 |   163 |       ||   455
       Searing Ray       |     3 |    12 |    60 |    15 |       ||    90
       Iskenderun's Myst |       |     1 |    11 |    13 |     1 ||    26
       Airstrike         |       |       |       |   118 |     2 ||   120
       Lightning Bolt    |       |       |       |    90 |     5 ||    95
Evoke: Wand              |       |       |       |     1 |       ||     1
  Use: Potion            |       |     3 |     2 |     5 |     2 ||    12
       Scroll            |       |       |       |    18 |       ||    18
Armor: Robe              |     2 |    17 |    13 |    10 |       ||    42
       Steam dragon scal |       |       |       |    65 |     5 ||    70
Dodge: Dodged            |    12 |    47 |    71 |   221 |     8 ||   359
       Repelled          |       |       |       |     5 |       ||     5
Block: Other             |       |    13 |    15 |    10 |       ||    38
       Reflection        |       |       |     3 |     1 |       ||     4

Table legend: (Time is in decaauts)
 A = Elapsed time spent in this place.
 B = Non-inter-level travel time spent in this place.
 C = Inter-level travel time spent in this place.
 D = Time resting spent in this place.
 E = Time spent auto-exploring this place.
 F = Levels seen in this place.
 G = Mean time per level.
                   A        B        C        D        E       F      G
               +--------+--------+--------+--------+--------+-----+--------+
         Total |  18672 |  18134 |    538 |   2596 |  13099 |  15 | 1244.8 |
       Dungeon |  16394 |  15938 |    456 |   2137 |  11767 |  11 | 1490.4 |
          Lair |   1928 |   1846 |     82 |    459 |   1094 |   3 |  642.7 |
       Ossuary |    349 |    349 |      0 |      0 |    238 |   1 |  349.0 |
               +--------+--------+--------+--------+--------+-----+--------+

Top non-repeatable levels by time:
     D:8: 2616 daAuts
    D:11: 2081 daAuts
     D:7: 1953 daAuts
    D:10: 1681 daAuts
  Lair:1: 1451 daAuts
     D:9: 1371 daAuts
     D:5: 1280 daAuts
     D:4: 1276 daAuts
     D:1: 1274 daAuts
     D:6: 1040 daAuts
     D:3: 914 daAuts
     D:2: 903 daAuts
  Lair:2: 397 daAuts
 Ossuary: 349 daAuts
  Lair:3: 79 daAuts
